General information
- name: BNet
- type: Ladder team game (AT/RT)
- host: Battle.net
- saver: jibboos
map: ExcavationSite
- players: 4
- length: 220:46
- speed: Fast
- version: 1.21 W3XP
- replay type: Public
» download(657 KB)
Players
team 1 (loser)
DirtyBob5 (
pink | 25 APM | 4050 actions | 159:46)
3 Archmage
1 Summon Water Elemental
2 Blizzard
» actions
| Assign group hotkey | 57 | |
| Basic commands | 248 | |
| Build / train | 226 | |
| ESC pressed | 7 | |
| Enter build submenu | 36 | |
| Enter hero's abilities submenu | 3 | |
| Give item / drop item | 7 | |
| Remove unit from queue | 3 | |
| Right click | 2111 | |
| Select / deselect | 867 | |
| Select group hotkey | 339 | |
| Use ability | 146 | |
4050 total
» units
| Peasant | 15 | |
| Mortar Team | 50 | |
| Sorceress | 3 | |
| Priest | 10 | |
| Siege Engine | 7 | |
| Knight | 8 | |
93 total
» upgrades
| Lumber Harvesting | 2 | |
| Sorceress Training | 1 | |
| Masonry | 3 | |
| Gunpowder | 3 | |
| Armor | 3 | |
| Fragmentation Shards | 1 | |
| Barrage | 1 | |
| Animal War Training | 1 | |
| Priest Training | 2 | |
17 total
» buildings
| Altar of Kings | 1 | |
| Farm | 15 | |
| Scout Tower | 8 | |
| Barracks | 1 | |
| Arcane Tower | 20 | |
| Lumber Mill | 1 | |
| Keep | 1 | |
| Blacksmith | 1 | |
| Guard Tower | 13 | |
| Arcane Vault | 3 | |
| Workshop | 3 | |
| Arcane Sanctum | 1 | |
| Castle | 1 | |
| Town Hall | 2 | |
| Cannon Tower | 7 | |
78 total
» build order
00:05 Altar of Kings
00:10 Farm
00:59 Scout Tower
01:31 Barracks
01:38 Farm
02:11 Scout Tower
02:15 Arcane Tower
02:47 Lumber Mill
03:01 Farm
03:06 Arcane Tower
04:05 Keep
04:24 Scout Tower
04:36 Blacksmith
04:54 Guard Tower
04:59 Arcane Vault
05:05 Scout Tower
05:08 Farm
05:53 Guard Tower
06:13 Scout Tower
06:14 Farm
06:28 Workshop
06:33 Workshop
06:41 Arcane Sanctum
06:44 Guard Tower
07:01 Scout Tower
07:29 Farm
08:02 Farm
08:04 Guard Tower
08:37 Scout Tower
09:20 Castle
09:24 Guard Tower
09:28 Farm
09:30 Scout Tower
10:02 Guard Tower
11:39 Farm
11:43 Farm
14:43 Town Hall
15:00 Workshop
15:44 Farm
15:45 Farm
15:46 Farm
15:47 Farm
15:48 Farm
54:49 Town Hall
70:35 Arcane Vault
70:37 Arcane Vault
71:03 Arcane Tower
71:05 Arcane Tower
71:09 Arcane Tower
71:15 Arcane Tower
71:21 Arcane Tower
71:36 Arcane Tower
72:42 Arcane Tower
72:45 Arcane Tower
73:47 Arcane Tower
74:09 Arcane Tower
75:15 Arcane Tower
75:30 Arcane Tower
75:37 Arcane Tower
75:58 Arcane Tower
76:59 Arcane Tower
77:03 Arcane Tower
77:27 Arcane Tower
78:36 Arcane Tower
78:44 Guard Tower
78:51 Guard Tower
78:59 Guard Tower
79:18 Guard Tower
83:38 Guard Tower
84:04 Guard Tower
84:11 Guard Tower
84:24 Cannon Tower
85:43 Cannon Tower
86:02 Cannon Tower
86:08 Cannon Tower
86:26 Cannon Tower
86:35 Cannon Tower
86:40 Cannon Tower
» items
| Scroll of Town Portal | 3 | |
| Orb of Fire | 1 | |
| Mechanical Critter | 4 | |
| Scroll of Regeneration | 1 | |
| Potion of Healing | 3 | |
| Ivory Tower | 55 | |
67 total
showmewins (
teal | 35 APM | 7709 actions | 220:41)
7 Blademaster
1 Wind Walk
3 Critical Strike
2 Mirror Image
1 Bladestorm
6 Shadow Hunter
3 Healing Wave
1 Serpent Ward
1 Hex
1 Big Bad Voodoo
» actions
| Assign group hotkey | 115 | |
| Basic commands | 284 | |
| Build / train | 197 | |
| ESC pressed | 4 | |
| Enter build submenu | 35 | |
| Enter hero's abilities submenu | 13 | |
| Give item / drop item | 5 | |
| Remove unit from queue | 6 | |
| Right click | 2512 | |
| Select / deselect | 2096 | |
| Select group hotkey | 2001 | |
| Use ability | 441 | |
7709 total
» units
| Peon | 12 | |
| Grunt | 2 | |
| Troll Headhunter/Berserker | 27 | |
| Shaman | 14 | |
| Troll Witch Doctor | 17 | |
| Troll Batrider | 32 | |
| Wind Rider | 7 | |
| Goblin Sapper | 3 | |
| Demolisher | 8 | |
122 total
» upgrades
| Armor | 3 | |
| Ranged Weapons | 4 | |
| Troll Regeneration | 1 | |
| Shaman Training | 2 | |
| Berserker Upgrade | 1 | |
| Reinforced Defenses | 1 | |
| Melee Weapons | 3 | |
| Witch Doctor Training | 2 | |
| Envenomed Spears | 1 | |
| Liquid Fire | 1 | |
| Burning Oil | 1 | |
20 total
» buildings
| Altar of Storms | 1 | |
| Orc Burrow | 8 | |
| Barracks | 1 | |
| War Mill | 1 | |
| Voodoo Lounge | 1 | |
| Stronghold | 1 | |
| Spirit Lodge | 1 | |
| Fortress | 1 | |
| Watch Tower | 14 | |
| Great Hall | 5 | |
| Beastiary | 1 | |
| Arcane Tower | 7 | |
42 total
» build order
00:09 Altar of Storms
00:15 Orc Burrow
00:39 Barracks
01:56 War Mill
02:06 Voodoo Lounge
02:21 Orc Burrow
04:29 Orc Burrow
05:32 Stronghold
06:14 Orc Burrow
07:07 Orc Burrow
08:04 Spirit Lodge
08:56 Orc Burrow
11:32 Fortress
15:52 Orc Burrow
17:08 Orc Burrow
21:57 Watch Tower
23:35 Great Hall
31:36 Watch Tower
31:57 Watch Tower
33:59 Watch Tower
34:02 Watch Tower
35:12 Watch Tower
36:22 Watch Tower
39:24 Watch Tower
40:36 Watch Tower
41:36 Great Hall
42:46 Great Hall
48:12 Great Hall
48:51 Watch Tower
50:47 Beastiary
51:27 Watch Tower
66:07 Watch Tower
67:29 Watch Tower
67:32 Watch Tower
79:35 Great Hall
103:33 Arcane Tower
103:35 Arcane Tower
103:39 Arcane Tower
103:48 Arcane Tower
106:18 Arcane Tower
106:19 Arcane Tower
106:31 Arcane Tower
» items
| Healing Salve | 2 | |
| Lesser Clarity Potion | 4 | |
| Scroll of Speed | 3 | |
| Potion of Healing | 3 | |
| Orb of Lightning | 2 | |
| Scroll of Town Portal | 2 | |
| Potion of Lesser Invulnerability | 6 | |
| Ivory Tower | 3 | |
25 total
team 2 (winner)
jibboos (
green | 35 APM | 7787 actions | 220:46)
8 Blademaster
3 Wind Walk
2 Critical Strike
1 Bladestorm
2 Mirror Image
4 Far Seer
1 Far Sight
2 Chain Lighting
1 Earth Quake
» actions
| Assign group hotkey | 11 | |
| Basic commands | 58 | |
| Build / train | 81 | |
| Enter build submenu | 133 | |
| Enter hero's abilities submenu | 13 | |
| Give item / drop item | 13 | |
| Remove unit from queue | 5 | |
| Right click | 4861 | |
| Select / deselect | 1301 | |
| Select group hotkey | 698 | |
| Use ability | 612 | |
7787 total
» units
| Peon | 28 | |
| Demolisher | 15 | |
| Goblin Zeppelin | 1 | |
44 total
» upgrades
| Spiked Barricades | 3 | |
| Reinforced Defenses | 1 | |
| Armor | 2 | |
| Ranged Weapons | 2 | |
| Burning Oil | 1 | |
9 total
» buildings
| War Mill | 2 | |
| Orc Burrow | 9 | |
| Altar of Storms | 1 | |
| Watch Tower | 90 | |
| Stronghold | 2 | |
| Barracks | 2 | |
| Fortress | 2 | |
| Great Hall | 3 | |
| Voodoo Lounge | 2 | |
113 total
» build order
00:09 War Mill
00:36 Orc Burrow
01:07 Altar of Storms
01:49 Watch Tower
02:17 Watch Tower
02:45 Watch Tower
03:24 Watch Tower
03:28 Orc Burrow
03:50 Watch Tower
03:54 Watch Tower
04:08 Orc Burrow
04:30 Stronghold
04:59 Watch Tower
05:06 Watch Tower
05:13 Barracks
05:23 Watch Tower
05:43 Watch Tower
06:10 Watch Tower
06:42 Barracks
06:56 Watch Tower
07:01 Watch Tower
07:04 Watch Tower
07:07 Watch Tower
07:38 Watch Tower
07:45 Watch Tower
08:18 Watch Tower
08:21 Watch Tower
08:31 Watch Tower
08:39 Watch Tower
08:41 Watch Tower
09:30 Watch Tower
09:32 Fortress
09:39 Watch Tower
09:43 Watch Tower
09:50 Orc Burrow
10:22 Watch Tower
11:01 Watch Tower
11:09 Watch Tower
11:12 Watch Tower
11:27 Watch Tower
12:49 Watch Tower
13:52 War Mill
14:08 Orc Burrow
14:12 Orc Burrow
14:18 Orc Burrow
16:01 Great Hall
16:40 Watch Tower
16:46 Watch Tower
16:48 Watch Tower
16:51 Watch Tower
16:53 Watch Tower
16:58 Watch Tower
17:15 Watch Tower
17:17 Watch Tower
17:21 Watch Tower
18:43 Watch Tower
18:49 Watch Tower
19:23 Great Hall
19:49 Watch Tower
20:13 Watch Tower
22:20 Watch Tower
22:30 Watch Tower
22:33 Watch Tower
23:51 Watch Tower
23:55 Watch Tower
23:59 Watch Tower
24:03 Watch Tower
24:06 Watch Tower
24:28 Stronghold
24:32 Watch Tower
24:51 Watch Tower
24:55 Watch Tower
24:56 Watch Tower
24:59 Watch Tower
26:06 Watch Tower
26:09 Watch Tower
26:12 Watch Tower
26:15 Watch Tower
28:25 Watch Tower
28:28 Watch Tower
28:30 Watch Tower
28:34 Watch Tower
28:35 Watch Tower
28:47 Orc Burrow
28:49 Orc Burrow
28:58 Great Hall
29:06 Watch Tower
29:11 Watch Tower
29:14 Watch Tower
29:52 Voodoo Lounge
29:56 Watch Tower
29:58 Watch Tower
30:01 Watch Tower
30:04 Watch Tower
30:38 Watch Tower
30:40 Watch Tower
30:41 Watch Tower
30:44 Watch Tower
30:59 Watch Tower
31:03 Watch Tower
31:05 Watch Tower
31:09 Watch Tower
31:12 Watch Tower
33:52 Watch Tower
34:00 Watch Tower
34:02 Watch Tower
34:05 Watch Tower
34:36 Watch Tower
34:39 Watch Tower
34:47 Fortress
42:20 Watch Tower
42:23 Watch Tower
119:04 Voodoo Lounge
» items
| Orb of Lightning | 1 | |
| Potion of Healing | 4 | |
| Healing Salve | 1 | |
6 total
jibbos (
blue | 35 APM | 7827 actions | 220:42)
9 Warden
3 Shadow Strike
3 Blink
1 Spirit of Vengeance
2 Fan of Knives
2 Blademaster
2 Critical Strike
2 Far Seer
2 Far Sight
» actions
| Assign group hotkey | 56 | |
| Basic commands | 59 | |
| Build / train | 68 | |
| ESC pressed | 1 | |
| Enter build submenu | 33 | |
| Enter hero's abilities submenu | 20 | |
| Give item / drop item | 14 | |
| Remove unit from queue | 3 | |
| Right click | 4103 | |
| Select / deselect | 1126 | |
| Select group hotkey | 1469 | |
| Use ability | 874 | |
7827 total
» units
| Wisp | 20 | |
| Archer | 14 | |
| Goblin Zeppelin | 1 | |
| Hippogryph | 4 | |
39 total
» upgrades
| Hippogryph Taming | 1 | |
| Strength of the Moon | 1 | |
2 total
» buildings
| Altar of Elders | 1 | |
| Moon Well | 18 | |
| Ancient of War | 1 | |
| Tree of Ages | 1 | |
| Hunter's Hall | 1 | |
| Ancient of Wind | 1 | |
| Tree of Life | 2 | |
25 total
» build order
00:09 Altar of Elders
00:23 Moon Well
00:56 Ancient of War
01:41 Moon Well
02:01 Moon Well
02:09 Moon Well
02:38 Moon Well
03:13 Moon Well
03:42 Moon Well
03:54 Moon Well
04:17 Moon Well
04:56 Moon Well
05:25 Moon Well
06:19 Moon Well
07:04 Moon Well
08:04 Moon Well
08:53 Tree of Ages
09:10 Hunter's Hall
10:37 Moon Well
11:50 Ancient of Wind
18:24 Tree of Life
18:40 Tree of Life
34:20 Moon Well
34:31 Moon Well
34:35 Moon Well
» items
| Periapt of Vitality | 1 | |
| Circlet of Nobility | 2 | |
| Orb of Lightning | 1 | |
| Healing Salve | 4 | |
| Lesser Clarity Potion | 1 | |
9 total
Chat log
(01:20 / All) jibboos: so where are you guys from
(01:29 / All) showmewins: MO
(01:34 / All) jibboos: chitown
(01:35 / All) showmewins: u?
(01:54 / All) jibbos: shit i gotta piss, no one do anything til i get back, k?
(03:16 / All) jibboos: get out
(03:17 / All) jibbos: thats not nice
(04:53 / All) jibboos: so you guys any good
(05:02 / All) showmewins: i guess not
(35:14 / All) jibboos: i think you guys are toaste
(35:26 / All) jibbos: mm toast
(59:25 / All) showmewins: gg
(73:26 / All) jibbos: yawn
(73:32 / All) jibbos: didnt you say gg like an hour ago
(73:44 / All) showmewins: ya
(73:49 / All) jibbos: well?
(73:50 / All) showmewins: u should leave
(73:55 / All) jibboos: we've already won
(73:58 / All) jibbos: i disagree
(86:03 / All) showmewins: hello there
(114:04 / All) showmewins: lol
(114:10 / All) jibbos: you lose
(125:29 / All) jibbos: hmm
(125:38 / All) jibbos: you guys got any gold?
(125:44 / All) showmewins: y?
(125:48 / All) jibbos: i have 5000
(129:49 / All) jibboos: i could use a cig
(130:04 / All) jibbos: lol
(133:31 / All) showmewins: hello
(133:37 / All) jibbos: hello there
(133:43 / All) jibboos: good game so far
(133:49 / All) showmewins: lol
(133:59 / All) jibbos: wake me up when its over guys.... zz
(134:00 / All) jibboos: can we pause and go have some cigs
(134:10 / All) DirtyBob5: sorry no
(134:11 / All) showmewins: hell no
(134:12 / All) jibbos: seriously i have to take a leak
(134:22 / All) DirtyBob5: your lose
(134:23 / All) jibboos: your from montana right
(134:29 / All) showmewins: i hate it when people turtle
(134:30 / All) DirtyBob5: yea
(134:34 / All) jibbos: do you know hannah?
(134:43 / All) DirtyBob5: yea, my neighbor
(134:44 / All) jibboos: she gives really good dome
(134:50 / All) jibboos: go after it
(134:52 / All) jibbos: i cant back that up
(135:13 / All) jibboos: is that your frog
(135:19 / All) DirtyBob5: what?
(135:24 / All) jibbos: i hate killing frogs
(135:32 / All) jibbos: you people are animals
(137:39 / All) jibboos: so how long have you guys been playin
(143:59 / All) jibbos: those images always get me
(151:52 / All) jibbos: yawwwwwwwwwwn
(152:44 / All) jibbos: close one!!~
(152:58 / All) showmewins: ya
(153:34 / All) jibboos: you guys in college ne where?
(153:55 / All) showmewins: hullo
(154:02 / All) jibbos: abuhhh
(155:13 / All) showmewins: gg
(156:08 / All) jibbos: gg?
(156:29 / All) showmewins: ya, gg
(156:35 / All) jibbos: gg?
(156:50 / All) showmewins: turtles
(156:59 / All) jibbos: turtles?!
(157:46 / All) showmewins: u know what turtles are?
(157:48 / All) jibboos: how often do you see this strat
(157:55 / All) showmewins: lots
(158:02 / All) showmewins: seldom works
(158:08 / All) jibbos: lil guys that have shells on their backs that walk around beaches n stuff
(158:27 / All) jibboos: mst people cant turtle well
(159:54 / All) jibbos: bye bye bobby!
(163:00 / All) showmewins: :D
(163:21 / All) jibbos: you and your smile
(163:50 / All) showmewins: this is fun
(164:02 / All) jibbos: it is outrageous
(165:09 / All) jibbos: yay
(165:18 / All) showmewins: yay
(168:43 / All) jibboos: your pretty good
(173:32 / All) jibbos: can you do me a favor
(173:54 / All) jibbos: can you leave
(174:03 / All) showmewins: no
(174:05 / All) showmewins: u
(174:12 / All) jibbos: i dont wanna
(174:16 / All) showmewins: lol
(175:35 / All) jibbos: bad troll
(178:11 / All) jibbos: la da dee da, da dee da, da dee bo bo badda ba baaaa....
(181:19 / All) jibbos: skibbi de bop a dop a doob a dee doob a dee daaaaaa
(181:57 / All) jibbos: if you want you can destroy these 4 towers we have
(182:03 / All) jibbos: i dont want them anymore
(182:08 / All) jibbos: we have a new base anyway
(185:23 / All) jibbos: grrr die castle
(185:35 / All) jibbos: are you even there?
(188:35 / All) showmewins: persistent, aren't we
(188:45 / All) jibbos: yes sir
(188:48 / All) jibbos: i need a win
(188:49 / All) jibboos: why wouldn't we be ;)
(188:57 / All) jibbos: im 5 and 839 with NE
(192:20 / All) jibbos: this is going to take forever maybe we should just leave
(198:52 / All) jibbos: this is gonna take forever!!!!!
(204:47 / All) jibbos: lol
(204:52 / All) showmewins: lol
(204:58 / All) jibbos: dont attack im busy lighting stuff on fire
(205:04 / All) showmewins: i havent been here for at least 20min
(205:07 / All) jibboos: so how often does turtling work in your books
(205:08 / All) jibbos: burn, burnnnn muhaha
(205:11 / All) jibbos: yeah i figured
(205:20 / All) jibboos: cause we usually win, its not often we lose
(205:34 / All) showmewins: i don't turtle
(205:38 / All) jibbos: you made us worry though
(205:42 / All) showmewins: lol
(205:43 / All) jibboos: i no, but when you see it done
(205:57 / All) jibboos: usually 2v2 games only last an hour
(206:02 / All) showmewins: we pretty much quit playing a long time ago
(206:37 / All) jibbos: just wait
(206:48 / All) jibbos: when this stupid far seer gets earthquake
(206:49 / All) showmewins: bet u wish FS had ultimate
(206:55 / All) jibbos: we can all get on with our lives
(206:57 / All) jibboos: lol
(207:04 / All) jibboos: were working on it
(207:48 / All) jibboos: i see you
(207:58 / All) jibbos: does that peon realize yet that he is the last peon on earth?
(210:10 / All) jibbos: 1 more tower
(211:19 / All) jibbos: yayyyyyyyyyyyy
(212:11 / All) jibboos: you had to get improved masonry
(212:18 / All) jibbos: yeah seriously
(212:24 / All) jibbos: damn you bob!!
(213:03 / All) jibbos: time to get some serious revenge on those towers
(216:15 / All) jibbos: i only wish pink was here to see his city burn
(216:44 / All) jibbos: oh well
(218:33 / All) showmewins: y u leavin bdgs?
(218:41 / All) showmewins: and dropping items?
(218:43 / All) jibbos: cus its fun to watch em burn
(218:53 / All) showmewins: lol
(219:05 / All) showmewins: u guys are sad
(219:16 / All) jibbos: sadly happy
(220:23 / All) showmewins: no
(220:27 / All) jibbos: yessss
(220:33 / All) showmewins: lol
(220:35 / All) showmewins: gg
(220:38 / All) showmewins: u earned it